 Dungeon Crawl Stone Soup version 0.24-a0-779-g36f0aeb843 (webtiles) character file.

Game seed: 9730918121612021561, levelgen mode: deterministic

793 MalarOregon the Destroyer (level 7, -5/50 HPs)
             Began as a Purple Draconian Conjurer on Oct 8, 2019.
             Was an Initiate of Gozag.
             Killed by nerve-wracking pain
             ... invoked by an orc priest
              (13 damage)
             ... on level 4 of the Dungeon.
             The game lasted 00:11:45 (5502 turns).

MalarOregon the Destroyer (DrCj)                    Turns: 5502, Time: 00:11:46

Health: -5/50      AC: 13    Str: 10    XL:     7   Next: 57%
Magic:  0/10       EV: 17    Int: 23    God:    Gozag
Gold:   248        SH:  0    Dex: 16    Spells: 5/10 levels left

rFire    . . .     SeeInvis .   b - +0 short sword
rCold    . . .     Gourm    +   (no shield)
rNeg     . . .     Faith    .   (armour unavailable)
rPois    .         Spirit   .   (helmet restricted)
rElec    .         Reflect  .   (no cloak)
rCorr    .         Harm     .   j - +2 pair of gloves
MR       +....     Rnd*Tele +   (no boots)
Stlth    +++.......             t - amulet of the gourmand
HPRegen  0.16/turn              q - +4 ring of protection
MPRegen  0.12/turn              u - ring of teleportation (curse)

@: brilliant, agile
A: breathe power, unfitting armour, cold-blooded, AC +6
a: Breathe Dispelling Energy, Potion Petition, Call Merchant, Bribe Branch,
Renounce Religion


You were on level 4 of the Dungeon.
You worshipped Gozag.
Gozag was aware of your devotion.
You were not hungry.

You visited 1 branch of the dungeon, and saw 4 of its levels.

You collected 337 gold pieces.
You paid 89 gold pieces to Gozag.

Inventory:

Hand Weapons
 b - a +0 short sword (weapon)
   (You took it off a kobold on level 1 of the Dungeon)
Missiles
 c - 7 silver boomerangs (quivered)
Armour
 j - a +2 pair of gloves (worn)
   (You found it on level 2 of the Dungeon)
 x - a +0 buckler
   (You found it on level 4 of the Dungeon)
 y - a +0 shield
   (You found it on level 4 of the Dungeon)
Jewellery
 q - a +4 ring of protection (left hand)
   (You found it on level 2 of the Dungeon)
 t - an amulet of the gourmand (around neck)
   (You found it on level 2 of the Dungeon)
 u - a cursed ring of teleportation (right hand)
   (You found it on level 3 of the Dungeon)
Scrolls
 h - a scroll of noise {unknown}
 k - a scroll of blinking {unknown}
 n - 4 scrolls of identify {unknown}
 o - a scroll of teleportation {unknown}
 p - 3 scrolls of fog {unknown}
 s - 4 scrolls of remove curse {unknown}
 z - a scroll of immolation {unknown}
Potions
 a - a potion of berserk rage {unknown}
 d - 4 potions of degeneration {unknown}
 f - a potion of flight {unknown}
 g - 2 potions of magic {unknown}
 l - a potion of lignification {unknown}
 r - 2 potions of mutation {unknown}
 v - 2 potions of agility
 w - a potion of resistance {unknown}
Comestibles
 e - 8 rations {!d}


   Skills:
 - Level 1.7 Dodging
 - Level 1.7 Stealth
 - Level 2.4 Spellcasting
 + Level 9.5 Conjurations


You had 5 spell levels left.
You knew the following spells:

 Your Spells              Type           Power        Failure   Level  Hunger
a - Magic Dart            Conj           ####         1%          1    None
x - Iskenderun's Mystic   Conj           ######..     1%          4    ####...

Your spell library contained the following spells:

 Spells                   Type           Power        Failure   Level  Hunger
 Searing Ray              Conj           ######       1%          2    ##.....
 Dazzling Spray           Conj/Hex       #####.       1%          3    ###....
 Force Lance              Conj/Tloc      #####...     2%          4    ####...
 Fulminant Prism          Conj/Hex       #####.....   2%          4    ####...


Dungeon Overview and Level Annotations

Branches:
Dungeon (4/15)
 Temple: D:4-7

Altars:
Ashenzari
Cheibriados
Gozag
Zin


Innate Abilities, Weirdness & Mutations

You can breathe bolts of dispelling energy.
Your rich purple scales are hard. (AC +6)
You cannot fit into any form of body armour.
You are cold-blooded and may be slowed by cold attacks.


Message History

You miss something.
Your tail-slap misses something.
Something hits you.
* * * LOW HITPOINT WARNING * * *
Something barely misses you. The orc priest misses you.
Unknown command.
You hit the orc priest. Something hits you but does no damage.
The orc priest completely misses you. Something hits you but does no damage.
You hit the orc priest but do no damage.
Something hits you but does no damage.
The orc priest hits you but does no damage.
Unknown command.
You barely miss the orc priest. Something hits you but does no damage.
The orc priest closely misses you. Something closely misses you.
You barely miss the orc priest. Something hits you but does no damage.
The orc priest calls down the wrath of Beogh upon you.
You resist with significant effort.
Unknown command.
You hit the orc priest.
You tail-slap the orc priest, but do no damage.
Something hits you.
* * * LOW HITPOINT WARNING * * *
The orc priest completely misses you.
Aim: an orc priest, wearing a +0 ring mail (moderately wounded)
The magic dart hits the orc priest but does no damage.
Something hits you.
* * * LOW HITPOINT WARNING * * *
The orc priest completely misses you. Something hits you but does no damage.
You hit the orc priest.
The orc priest looks braver for a moment.
Something closely misses you.
Unknown command.
You barely miss the orc priest.
The orc priest invokes the aid of Beogh against you.
Pain shoots through your body!
* * * LOW HITPOINT WARNING * * *
You hear some strange, mumbled words.
A puff of frost appears from out of thin air!
The puff of frost misses you. The orc priest completely misses you.
It was a potion of brilliance.
You feel clever all of a sudden. Something hits you but does no damage.
The orc priest calls down the wrath of Beogh upon you.
Pain shoots through your body!
You die...
Your body crumbles into a pile of gold.

#######.....#..#.......
#..(.##....##..#.......
#....##....##..#....#
##...##....#..$'..$.#
##...##....#...#....#
#..........#...#....#
#..........#...#....#
##...##.o..#...#####?.
##...##.{@.##.############
#....##'#####).))...).....
#........o>o..#...#...#...
##............)...........
#............#...#...#...
#...##..####.............
######..#################
#.........'......#...
#.........##..##+#...


You could see an orc priest.

Vanquished Creatures
  Sigmund (D:3)
  A centaur (D:4)
  A scorpion (D:4)
  A howler monkey (D:4)
  3 orc wizards (D:4)
  2 iguanas (D:4)
  3 worker ants (D:4)
  Natasha (thrice) (D:3)
  7 adders
  2 worms
  6 dart slugs
  A leopard gecko (D:2)
  7 orcs (D:4)
  10 bats
  A giant cockroach (D:1)
  12 goblins
  8 hobgoblins
  11 jackals
  11 kobolds
  5 quokkas
  4 ball pythons
  2 frilled lizards
  A leopard gecko skeleton (D:4)
  A quokka skeleton (D:4)
  11 rats
115 creatures vanquished.

Notes
Turn   | Place    | Note
-------+----------+-------------------------------------------
     0 | D:1      | MalarOregon the Draconian Conjurer began the quest for the
                  | Orb.
     0 | D:1      | Reached XP level 1. HP: 14/14 MP: 3/3
   194 | D:1      | Reached XP level 2. HP: 20/20 MP: 1/5
   709 | D:1      | Reached skill level 5 in Conjurations
   783 | D:1      | Reached XP level 3. HP: 26/26 MP: 2/6
  1185 | D:2      | Found a faded altar of an unknown god.
  1725 | D:2      | Found a glowing silver altar of Zin.
  1725 | D:2      | Found a shattered altar of Ashenzari.
  1740 | D:2      | Reached XP level 4. HP: 33/33 MP: 1/7
  2065 | D:2      | Learned a level 4 spell: Iskenderun's Mystic Blast
  2447 | D:3      | Found a snail-covered altar of Cheibriados.
  2459 | D:3      | Reached skill level 6 in Conjurations
  2659 | D:3      | Noticed Natasha
  2670 | D:3      | Killed Natasha
  2670 | D:3      | Reached XP level 5. HP: 27/38 MP: 0/8
  2672 | D:3      | Noticed Sigmund
  2895 | D:3      | Noticed Natasha
  2899 | D:3      | Killed Natasha
  3278 | D:3      | Noticed Natasha
  3291 | D:3      | Killed Natasha
  3291 | D:3      | Reached skill level 7 in Conjurations
  3389 | D:3      | Killed Sigmund
  3389 | D:3      | Reached XP level 6. HP: 15/45 MP: 0/9
  4001 | D:4      | Reached skill level 8 in Conjurations
  4324 | D:4      | Your scales start taking on a rich purple colour.
  4324 | D:4      | Reached XP level 7. HP: 45/50 MP: 5/10
  4650 | D:4      | Found an opulent altar of Gozag.
  4764 | D:4      | Became a worshipper of Gozag Ym Sagoz the Greedy
  4817 | D:4      | Reached skill level 9 in Conjurations
  5487 | D:4      | HP: 1/50 [orc wizard/puff of frost (4)]
  5502 | D:4      | Killed from afar by an orc priest

Levels and vault maps discovered:
D:1:      dpeg_arrival_court, layout_loops_cross
D:2:      layout_loops_ring, chequers_temple_overflow_statue_of_worship,
          chequers_ecumenical_altar_island, fountainhead
D:3:      layout_basic, kennysheep_slug_shrine, uniq_natasha, uniq_sigmund
D:4:      layout_gridville, nicolae_gozag_cash_rules_everything_around_me,
          lemuel_coloured_pillars_altar, minmay_starry_boxes

Skill      XL: |  1  2  3  4  5  6  7 |
---------------+----------------------+-----
Conjurations   | 5 6 7 8 9 |  9.5
Dodging        | |  1.7
Stealth        | |  1.7
Spellcasting   | |  2.4

Action                   |  1- 3 |  4- 6 |  7- 9 || total
-------------------------+-------+-------+-------++-------
Melee: Unarmed           |     4 |       |       ||     4
       Short sword       |    21 |    74 |    46 ||   141
       Tailslap          |     1 |     4 |     5 ||    10
 Cast: Magic Dart        |    89 |   134 |    55 ||   278
       Iskenderun's Myst |       |     1 |     5 ||     6
  Use: Potion            |       |       |     4 ||     4
 Stab: Sleeping          |     1 |     1 |       ||     2
  Eat: Chunk             |     4 |    14 |     6 ||    24
Armor: Skin              |    12 |    46 |    34 ||    92
Dodge: Dodged            |    20 |    78 |    45 ||   143

Table legend:
 A = Non-vault XP
 B = Vault XP
 C = Vault XP percentage of total XP
 D = Non-vault monster count
 E = Vault monster count
 F = Vault count percentage of total count
                 A         B        C        D         E       F
            +---------+---------+-------+---------+---------+-------
      Total |     798 |     336 |  29.6 |     106 |       9 |   7.8
            +---------+---------+-------+---------+---------+-------
        D:1 |      54 |       0 |   0.0 |      34 |       0 |   0.0
        D:2 |      73 |       0 |   0.0 |      22 |       0 |   0.0
        D:3 |     160 |     285 |  64.0 |      32 |       5 |  13.5
        D:4 |     511 |      51 |   9.1 |      18 |       4 |  18.2
            +---------+---------+-------+---------+---------+-------
